AoeStats
← Marbas

Arena

508260425Analyzed
1v1 RM · 10d ago on Sep 21, 2026· 46m 11s· 2 players
Game mode
Random Map
Map size
Tiny (2 player)
Population
200
Speed
Normal
Resources
Standard
Victory
Conquest
Starting age
Dark Age
Ending age
Imperial Age
RankedLock teamsTeams togetherTeam positionsShared explorationLock speedFull tech treeHidden civsTurbo modeCheats
Victory
Defeat
🇷🇺 Vietnamese · Russia
1827
+13
🇮🇹 Koreans · Italy
1766
-13
GdR_Scugo
11:06 Feudal Age
12:26 Double-Bit Axe
14:50 Castle Age
14:14 Gold Mining
14:18 Horse Collar
15:51 Bow Saw
16:51 Loom
17:37 Fletching
18:15 Loom
18:39 Bodkin Arrow
20:41 Wheelbarrow
29:51 Imperial Age
29:04 Ballistics
31:35 Chemistry
30:52 Bracer
31:39 Conscription
Marbas
10:54 Feudal Age
11:56 Double-Bit Axe
14:46 Castle Age
12:44 Horse Collar
14:56 Light Cavalry
20:51 Wheelbarrow
20:02 Loom
21:24 Gold Mining
21:52 Bow Saw
23:26 Town Watch
24:04 Padded Archer Armor
25:00 Leather Archer Armor
24:14 Elite Skirmisher
25:48 Fletching
26:58 Bodkin Arrow
27:36 Stone Mining
32:21 Imperial Age
30:59 Ballistics
33:07 Bracer
34:09 Chemistry
32:33 Imperial Skirmisher
34:42 Ring Archer Armor
37:02 Scale Barding Armor
40:33 Paper Money
41:11 Chain Barding Armor
41:03 Bloodlines
41:15 Heavy Plow
42:41 Thumb Ring
45:56 Husbandry
46:32 Plate Barding Armor
Connection lost

Rejoining the realm…

Still unreachable

The connection could not be restored.

Session expired

The server has moved on; the page needs a fresh start.